 Dungeon Crawl Stone Soup version 0.28.0-43-g3370ac3207 (webtiles) character file.

Game seed: 12780057529466904922

100 DaikonDestroyer the Chopper (level 4, -2/41 HPs)
             Began as a Hill Orc Berserker on Mar 29, 2022.
             Was a Follower of the Shining One.
             Slain by a black bear (9 damage)
             ... created by the rage of Trog
             ... on level 2 of the Dungeon.
             The game lasted 00:10:49 (382 turns).

DaikonDestroyer the Chopper (Hill Orc Berserker)     Turns: 382, Time: 00:10:49

Health: -2/41      AC:  3    Str: 21    XL:     4   Next: 73%
Magic:  4/4        EV:  8    Int:  7    God:    the Shining One [*.....]
Gold:   23         SH:  0    Dex: 10    Spells: 3/3 levels left

rFire   . . .      SeeInvis .   i - +0 bardiche
rCold   . . .      Faith    .   (shield currently unavailable)
rNeg    . . .      Spirit   .   f - +0 leather armour
rPois   .          Reflect  .   (no helmet)
rElec   .          Harm     .   (no cloak)
rCorr   .          Rampage  .   (no gloves)
Will    .....                   (no boots)
Stlth   +.........              (no amulet)
HPRegen 0.13/turn               (no ring)
MPRegen 0.09/turn               (no ring)

@: glowing, constricted
A: no striking features
a: Renounce Religion, Divine Shield


You were on level 2 of the Dungeon.
You worshipped the Shining One.
The Shining One was aware of your devotion.
You visited 1 branch of the dungeon, and saw 2 of its levels.

You collected 23 gold pieces.

Inventory:

Hand Weapons
 a - a +0 hand axe
 d - a +0 whip
 e - a +0 battleaxe
 h - a +0 dagger
 i - a +0 bardiche (weapon)
 k - a +0 giant spiked club
Missiles
 g - 3 stones (quivered)
 j - 2 poisoned darts
Armour
 b - a +0 animal skin
 f - a +0 leather armour (worn)


   Skills:
 + Level 4.7 Fighting
 + Level 5.6 Axes
 + Level 2.4 Armour
 + Level 2.0 Dodging


You had 3 spell levels left.
You didn't know any spells.
Your spell library was empty.

Dungeon Overview and Level Annotations

Branches:
Dungeon (2/15)

Altars:
The Shining One


Message History

i - a +0 bardiche (weapon)
A goblin comes into view. It is wielding a +0 club.
The goblin shouts!
A ball python comes into view. x2
Found a scroll labelled NUOFFEORPHU.
The ball python hisses angrily.
You hear a shout!
A goblin comes into view. It is wielding a +0 club.
A hobgoblin comes into view.
You barely miss the goblin.
The goblin shouts!
The goblin hits you but does no damage.
A quokka comes into view.
Trog sends monsters to punish you. 3 black bears and 2 polar bears come into view.
You slice the goblin!!
You kill the goblin!
The ball python closely misses you. x2
A goblin comes into view. It is wielding a +0 club.
The ball python barely misses you. x2
You barely miss the ball python.
The goblin shouts!
The ball python bites you. The ball python grabs you.
The ball python constricts you. The ball python loses its grip on you.
The polar bear bites you!! The polar bear claws you.
The polar bear claws you but does no damage.
The black bear rages.
The ball python barely misses you. The ball python grabs you.
The ball python constricts you. The polar bear closely misses you.
The polar bear claws you but does no damage.
The polar bear claws you. The black bear bites you.
* * * LOW HITPOINT WARNING * * *
The black bear claws you.
* * * LOW HITPOINT WARNING * * *
The black bear barely misses you. The ball python barely misses you.
The ball python constricts you.
You hit the ball python but do no damage.
The polar bear completely misses you. The polar bear claws you.
* * * LOW HITPOINT WARNING * * *
The polar bear closely misses you. The black bear bites you!
You die... ######## #......# ##.####.# ## ### #...###.# .. .. #.#..##.# #.#S #.......# ###.h##..#.##.# #..hh@S.......######## #.#hh##.##............ .gg.g

#.#####.#)'''''.
.?..r#. #.#
#.#.'''''.
#...... #..
..#.''_''. #.##
.# ##.
..##.'''''. . #.
..... #.'''''.
.. .....
###..... .....
#......


You could see 2 polar bears, 3 black bears, a quokka, a hobgoblin, 2 goblins and
2 ball pythons.

Vanquished Creatures
  An ogre (D:2)
  A bat (D:1)
  3 endoplasms (D:1)
  2 goblins (D:2)
  A hobgoblin (D:1)
  2 quokkas
  2 ball pythons (D:1)
  4 kobolds (D:1)
  A rat (D:2)
17 creatures vanquished.

Notes
Turn   | Place    | Note
-------+----------+-------------------------------------------
     0 | D:1      | DaikonDestroyer the Hill Orc Berserker began the quest for
                  | the Orb.
     0 | D:1      | Reached XP level 1. HP: 19/19 MP: 1/1
   134 | D:1      | Reached XP level 2. HP: 27/27 MP: 2/2
   332 | D:2      | Found a faded altar of an unknown god.
   332 | D:2      | Noticed an ogre
   344 | D:2      | Killed an ogre
   345 | D:2      | Reached skill level 5 in Axes
   345 | D:2      | Reached XP level 3. HP: 15/34 MP: 3/3
   345 | D:2      | Reached XP level 4. HP: 18/41 MP: 4/4
   354 | D:2      | Prayed at the altar of an unknown god.
   354 | D:2      | Fell from the grace of Trog
   354 | D:2      | Became a worshipper of the Shining One
   354 | D:2      | Reached * piety under the Shining One
   380 | D:2      | Noticed a black bear
   380 | D:2      | Noticed a black bear
   380 | D:2      | Noticed a black bear
   380 | D:2      | Noticed a polar bear
   380 | D:2      | Noticed a polar bear
   382 | D:2      | Slain by a black bear

Illustrated notes

Levels and vault maps discovered:
D:1:      nicolae_arrival_memento_mori, layout_rooms
D:2:      layout_loops_cross, hellmonk_ecumenical_altar_heavens_door,
          minmay_pentomino_s2

Skill      XL: |  1  2 |
---------------+-------+-----
Fighting       | 4 |  4.7
Axes           | 5 |  5.6
Dodging        | 2 |  2.0
Armour         | |  2.4

Action                   |  1- 3 |  4- 6 || total
-------------------------+-------+-------++-------
Melee: Hand axe          |     9 |       ||     9
       Battleaxe         |    37 |     1 ||    38
       Bardiche          |       |     4 ||     4
Throw: Stone             |     1 |       ||     1
  Use: Potion            |       |     1 ||     1
Armor: Animal skin       |     3 |       ||     3
       Leather armour    |    13 |     3 ||    16
Dodge: Dodged            |    46 |    10 ||    56
